 Dungeon Crawl Stone Soup version 0.29.0-4-gdea44cf6ec (webtiles) character file.

Game seed: 175898690087044330

3890 Plasmagod the Martial Artist (level 10, -10/72 HPs)
             Began as a White Draconian Transmuter on Aug 27, 2022.
             Was an Initiate of Ashenzari.
             Mangled by an orc warrior
             ... wielding a +0 battleaxe
              (16 damage)
             ... on level 7 of the Dungeon.
             The game lasted 00:23:18 (10089 turns).

Plasmagod the Martial Artist (DrTm)                Turns: 10089, Time: 00:23:19

Health: -10/72     AC: 10    Str: 16    XL:     10   Next: 0%
Magic:  17/17      EV: 12    Int: 17    God:    Ashenzari [......]
Gold:   524        SH:  0    Dex: 13    Spells: 11/18 levels left

rFire   . . .      SeeInvis .   e - +8 hammer of Wonderful Honour {drain, rC+ rCorr}
rCold   + + .      Faith    .   (no shield)
rNeg    . . .      Spirit   .   (body armour unavailable)
rPois   .          Reflect  .   (helmet currently unavailable)
rElec   .          Harm     .   G - +2 cloak
rCorr   +          Rampage  .   (no gloves)
Will    +....                   (boots currently unavailable)
Stlth   +.........              n - amulet of the acrobat
HPRegen 0.22/turn               v - +6 ring of strength
MPRegen 0.15/turn               r - ring of willpower

@: appendages
A: horns 2, talons 2, breathe frost, AC +7, unfitting armour, cold resistance 1,
cold-blooded, frail 1, weak 1
a: Breathe Frost, End Transformation, Renounce Religion, Curse Item, Shatter the
Chains


You were on level 7 of the Dungeon.
You worshipped Ashenzari.
Ashenzari was noncommittal.
You had temporarily grown beastly horns and talons.
You visited 1 branch of the dungeon, and saw 8 of its levels.

You collected 524 gold pieces.

Inventory:

Hand Weapons
 e - the +8 hammer of Wonderful Honour (weapon) {drain, rC+ rCorr}
   (You found it on level 2 of the Dungeon)

   A truly terrible weapon, it drains the life of any living foe it strikes.
   rC:        It protects you from cold.
   rCorr:     It protects you from acid and corrosion.
 y - a +2 falchion of holy wrath
Armour
 t - the cursed +0 pair of boots of the Oracular Mistrust (melded) {Self, Elem}
   (You found it on level 3 of the Dungeon)

   It has a curse which improves the following skills: Introspection: Fighting
   and Spellcasting.
   Elements:  Fire Magic, Ice Magic, Air Magic and Earth Magic.
 G - a +2 cloak (worn)
Magical Staves
 i - a staff of cold
Jewellery
 c - a ring of see invisible
 m - a ring of protection from fire
 n - an amulet of the acrobat (around neck)
 q - an amulet of reflection
 r - a ring of willpower (right hand)
 v - a +6 ring of strength (left hand)
 L - a ring of flight
Wands
 l - a wand of flame (49)
 z - a wand of quicksilver (1)
 E - a wand of mindburst (32)
 I - a wand of roots (6)
 J - a wand of charming (12)
 K - a wand of polymorph (11)
Scrolls
 d - 8 scrolls of identify {unknown}
 g - 2 scrolls of vulnerability {unknown}
 h - 3 scrolls of immolation {unknown}
 j - 2 scrolls of fear {unknown}
 k - 4 scrolls of magic mapping {unknown}
 s - 2 scrolls of enchant armour {unknown}
 u - 2 scrolls of acquirement {unknown}
 B - 3 scrolls of poison {unknown}
 D - 2 scrolls of enchant weapon {unknown}
 F - 2 scrolls of teleportation {unknown}
Potions
 a - 4 potions of lignification
 b - 2 potions of heal wounds {unknown}
 f - a potion of cancellation {unknown}
 o - 2 potions of brilliance {unknown}
 p - 4 potions of mutation
 w - a potion of magic {unknown}
 x - 2 potions of invisibility {unknown}
 A - 3 potions of haste {unknown}
 C - 3 potions of curing
 H - a potion of degeneration {unknown}


   Skills:
 - Level 4.6 Fighting
 - Level 1.7 Dodging
 - Level 11.0 Unarmed Combat
 + Level 4.6 Spellcasting
 + Level 7.8 Transmutations


You had 11 spell levels left.
You knew the following spells:

 Your Spells              Type           Power      Damage    Failure   Level
a - Beastly Appendage     Tmut           60%        N/A       1%          1
b - Wereblood             Tmut           30%        N/A       1%          2
c - Ice Form              Ice/Tmut       17%        N/A       28%         4

Your spell library contained the following spells:

 Spells                   Type           Power      Damage    Failure   Level
 Spider Form              Tmut/Pois      17%        N/A       9%          3
 Summon Guardian Golem    Hex/Summ       3%         N/A       41%         3
 Fireball                 Conj/Fire      1%         3d3       99%         5
 Summon Forest            Summ/Tloc      1%         N/A       99%         5
 Summon Hydra             Summ           1%         N/A       100%        7


Dungeon Overview and Level Annotations

Branches:
Dungeon (8/15)             Temple (0/1) D:5
   Lair: D:8-11

Altars:
Ashenzari
Makhleb
Ru
Sif Muna
Vehumet
Wu Jian
The Shining One

Shops:
D:3 ?   D:4 *   D:7 =

Annotations:
D:8 Amaemon, Maggie


Innate Abilities, Weirdness & Mutations

You have temporarily grown beastly horns and talons.
You can breathe waves of freezing cold which knock back foes.
Your icy white scales are hard. (AC +7)
You cannot fit into any form of body armour.
Your flesh is cold resistant. (rC+)
You are cold-blooded and may be slowed by cold attacks.
You are frail. (-10% HP)
You are weak. (Str -2)


Message History

There is a stone staircase leading down here.
You barely miss the orc warrior. The orc hits you with a +0 war axe.
The orc hits you but does no damage.
The orc warrior hits you with a +0 battleaxe!
The orc barely misses you. The orc hits you with a +0 hand axe.
The orc warrior hits you with a +0 battleaxe!
You barely miss the orc warrior. Your kick misses the orc warrior.
You headbutt the orc warrior.
Your tail-slap misses the orc warrior.
The orc warrior is lightly wounded.
The orc closely misses you. The orc hits you but does no damage.
The orc warrior closely misses you.
You closely miss the orc warrior. You claw the orc warrior.
Your headbutt misses the orc warrior.
The orc warrior is lightly wounded.
The orc misses you. The orc closely misses you.
The orc warrior hits you with a +0 battleaxe!
* * * LOW HITPOINT WARNING * * *
You barely miss the orc warrior. You claw the orc warrior!
You headbutt the orc warrior, but do no damage.
You tail-slap the orc warrior, but do no damage.
The orc warrior is heavily wounded.
The orc hits you but does no damage. x2; The orc warrior closely misses you.
The orc hits you with a +0 war axe.
* * * LOW HITPOINT WARNING * * *
The orc hits you with a +0 hand axe.
* * * LOW HITPOINT WARNING * * *
The orc warrior completely misses you.
You hit the orc warrior. Your kick misses the orc warrior.
Your tail-slap misses the orc warrior.
The orc warrior is heavily wounded.
The orc barely misses you. The orc hits you but does no damage.
The orc warrior hits you with a +0 battleaxe.
* * * LOW HITPOINT WARNING * * *
You hit the orc warrior. You claw the orc warrior.
The orc warrior is almost dead.
The orc hits you with a +0 war axe.
* * * LOW HITPOINT WARNING * * *
The orc hits you but does no damage.
The orc warrior hits you with a +0 battleaxe!
You die...

#.........................#...)._
...##..#.#..#....#........###..##
.......#######...)......#.#......
...##..# #.......#...#####..##
#####..######....[.##.### #8....#
#.......#.......#### ##..#_#
###.#..##..#.....## ######
#.##.....#.o....#
####..##...@o...# ####....o<...#
#.....#.### #########


You could see an orc warrior and 2 orcs.

Vanquished Creatures
  Pikel (D:6)
  Grinder (D:4)
  Sigmund (D:3)
  Eustachio (D:6)
  Menkaure (D:4)
  Duvessa (D:6)
  2 water moccasins
  3 black bears
  2 ice beasts
  2 ogres (D:5)
  A kobold brigand (D:6)
  3 bullfrogs
  A gnoll sergeant (D:6)
  A scorpion (D:6)
  2 necrophages
  8 wights
  Dowan (D:6)
  8 hounds
  An orc priest (D:7)
  Crazy Yiuf (D:2)
  3 iguanas
  Ijyb (D:4)
  Natasha (thrice) (D:3)
  2 orc wizards
  A hound skeleton (D:4)
  20 adders
  7 gnolls
  2 white imps
  4 worms
  5 dart slugs
  11 orcs
  11 endoplasms
  13 giant cockroaches
  7 hobgoblins
  A jackal (D:1)
  3 quokkas
  13 ball pythons
  10 bats
  4 frilled lizards
  7 goblins
  14 kobolds
  11 rats
195 creatures vanquished.

Vanquished Creatures (others)
  A fungus (D:2)
1 creature vanquished.

Grand Total: 196 creatures vanquished

Notes
Turn   | Place    | Note
-------+----------+-------------------------------------------
     0 | D:1      | Plasmagod the Draconian Transmuter began the quest for the
                  | Orb.
     0 | D:1      | Reached XP level 1. HP: 16/16 MP: 3/3
     1 | D:1      | Found a runed translucent door.
   206 | D:1      | Reached XP level 2. HP: 3/23 MP: 1/5
   807 | D:1      | Reached skill level 4 in Unarmed Combat
   874 | D:1      | Found a faded altar of an unknown god.
  1047 | D:1      | Reached XP level 3. HP: 28/28 MP: 4/6
  1050 | D:1      | Learned a level 2 spell: Wereblood
  1379 | D:2      | Got the Encyclopedia of Incandescent Allies
  1536 | D:2      | Reached XP level 4. HP: 35/35 MP: 5/7
  1547 | D:2      | Reached skill level 5 in Unarmed Combat
  2541 | D:3      | Noticed Natasha
  2543 | D:3      | Noticed Sigmund
  2667 | D:4      | Found a broken altar of Ashenzari.
  2794 | D:4      | Reached XP level 5. HP: 40/40 MP: 6/8
  2837 | D:4      | Noticed Menkaure
  2914 | D:4      | Found Ykeh's Gadget Gallery.
  2948 | D:4      | Killed Menkaure
  2949 | D:4      | Reached skill level 6 in Unarmed Combat
  3202 | D:4      | Reached XP level 6. HP: 43/47 MP: 7/9
  3313 | D:4      | Noticed Ijyb
  3343 | D:4      | Killed Ijyb
  3344 | D:4      | Reached skill level 7 in Unarmed Combat
  3628 | D:4      | Noticed a water moccasin
  3645 | D:4      | Killed a water moccasin
  3713 | D:4      | Found a burning altar of Makhleb.
  3807 | D:4      | Reached skill level 8 in Unarmed Combat
  3807 | D:4      | Your scales start taking on an icy white colour.
  3807 | D:4      | Reached XP level 7. HP: 49/52 MP: 8/10
  3807 | D:4      | Gained mutation: Your flesh is cold resistant. (rC+) [White
                  | Draconian growth]
  4054 | D:4      | Noticed Grinder
  4060 | D:4      | Paralysed by Grinder for 4 turns
  4067 | D:4      | Killed Grinder
  4380 | D:4      | Gained mutation: You are weak. (Str -2) [potion of
                  | mutation]
  4380 | D:4      | Gained mutation: You are frail. (-10% HP) [potion of
                  | mutation]
  4389 | D:4      | Reached skill level 9 in Unarmed Combat
  4768 | D:5      | Entered Level 5 of the Dungeon
  4768 | D:5      | Found a staircase to the Ecumenical Temple.
  4815 | D:4      | Became a worshipper of Ashenzari the Shackled
  5009 | D:5      | Reached XP level 8. HP: 13/52 MP: 8/11
  5039 | D:4      | Reached skill level 10 in Unarmed Combat
  5542 | D:5      | Found a shimmering blue altar of Sif Muna.
  5765 | D:5      | Reached skill level 11 in Unarmed Combat
  6136 | D:2      | Found a runed translucent door.
  6137 | D:2      | Noticed Crazy Yiuf
  6145 | D:2      | Killed Crazy Yiuf
  6146 | D:2      | Identified the +8 hammer of Wonderful Honour {drain, rC+
                  | rCorr}
  6151 | D:2      | Identified the cursed +0 pair of boots of the Oracular
                  | Mistrust {Self, Elem} (You found it on level 3 of the
                  | Dungeon)
  6328 | D:3      | Killed Natasha
  6351 | D:3      | Found Ohureut's Magic Scroll Boutique.
  6389 | D:3      | Noticed Natasha
  6397 | D:3      | Killed Natasha
  6475 | D:3      | Killed Sigmund
  6631 | D:3      | Reached skill level 5 in Transmutations
  6655 | D:3      | Noticed Natasha
  6661 | D:3      | Killed Natasha
  7138 | D:6      | Reached XP level 9. HP: 48/57 MP: 12/12
  7264 | D:6      | Noticed Pikel
  7280 | D:6      | Killed Pikel
  7803 | D:6      | Noticed Eustachio
  7826 | D:6      | Killed Eustachio
  8516 | D:6      | Noticed Dowan
  8520 | D:6      | Identified the +4 whip "Cirak" {venom, Fragile Str+5 Dex+3}
  8577 | D:6      | Killed Dowan
  8652 | D:6      | Noticed Duvessa
  8664 | D:6      | Killed Duvessa
  8821 | D:6      | Found a sacrificial altar of Ru.
  8897 | D:7      | Found a glowing golden altar of the Shining One.
  9146 | D:7      | Found Quppuase's Jewellery Shoppe.
  9753 | D:7      | Found an ornate altar of the Wu Jian Council.
  9754 | D:7      | Found a radiant altar of Vehumet.
  9937 | D:8      | Noticed Amaemon
  9937 | D:8      | Noticed an orange demon
  9971 | D:8      | Noticed Maggie
 10003 | D:8      | Noticed a two-headed ogre
 10017 | D:8      | Learned a level 4 spell: Ice Form
 10033 | D:7      | Reached XP level 10. HP: 62/72 MP: 15/17
 10089 | D:7      | Mangled by an orc warrior

Illustrated notes

Levels and vault maps discovered:
D:1:      dpeg_arrival_caged_fury, layout_rooms,
          hellmonk_ecumenical_altar_inner_sanctum, roderic_serpentine_path,
          st_stairs_11
D:2:      layout_rooms, corexii_hall_statues_x, uniq_crazy_yiuf_cottage
D:3:      layout_basic, serial_shops, shop, uniq_sigmund, uniq_natasha
D:4:      layout_rooms, makhleb_blood_cavern_becter,
          ashenzari_conservatory_becter, nicolae_shop_gadgets, uniq_grinder,
          uniq_menkaure, uniq_ijyb
D:5:      layout_cave_pools, mainiacjoe_overflow_cross_hatched,
          minmay_temple_entry_arrows, minmay_misc_feat_encased
D:6:      layout_basic, nicolae_ru_path_of_blood, st_stairs_7, uniq_pikel,
          uniq_duvessa, uniq_eustachio
D:7:      layout_cave_pools, minitemple, serial_shops, shop_statue
D:8:      layout_basic, general_overflow_altar, kennysheep_donut, uniq_maggie,
          uniq_amaemon, uniq_psyche

Skill      XL: |  1  2  3  4  5  6  7  8  9 |
---------------+----------------------------+-----
Unarmed Combat | 4 5 6 8 9 11 | 11.0
Transmutations | 5 7 |  7.8
Fighting       | 4 |  4.6
Spellcasting   | 4 |  4.6
Dodging        | |  1.7

Action                   |  1- 3 |  4- 6 |  7- 9 | 10-12 || total
-------------------------+-------+-------+-------+-------++-------
Melee: Unarmed           |    75 |   129 |   110 |       ||   314
       Headbutt          |    16 |    13 |    44 |     2 ||    75
       Kick              |    33 |    26 |    71 |     3 ||   133
       Tailslap          |    10 |    13 |    29 |     1 ||    53
       Staff             |    52 |       |       |       ||    52
       Punch             |     2 |     1 |    21 |       ||    24
       Falchion          |       |    11 |     6 |       ||    17
       Mace              |       |       |   179 |     6 ||   185
 Cast: Beastly Appendage |    21 |    28 |    52 |     1 ||   102
       Wereblood         |     2 |       |     4 |       ||     6
Invok: Curse Item        |       |       |     1 |       ||     1
 Abil: Breathe Frost     |       |       |     5 |       ||     5
  Use: Potion            |       |       |     4 |       ||     4
 Stab: Sleeping          |       |     1 |     2 |       ||     3
Armor: Skin              |    49 |    32 |   109 |     6 ||   196
Dodge: Dodged            |   103 |    88 |   200 |    12 ||   403
